 Dungeon Crawl Stone Soup version 0.31.0-11-ge490571c62 (webtiles) character file.

Game seed: 18021973478289516848

2657 qw the Skirmisher (level 9, -3/50 HPs)
             Began as a Deep Elf Hunter on Feb 3, 2024.
             Was a Believer of Okawaru.
             Splashed by a jelly's acid (10 damage)
             ... on level 7 of the Dungeon.
             The game lasted 00:00:27 (5377 turns).

qw the Skirmisher (Deep Elf Hunter)                 Turns: 5377, Time: 00:00:27

Health: -3/50      AC:  5    Str: 12    XL:     9   Next: 36%
Magic:  13/13      EV: 11    Int: 15    God:    Okawaru [**....]
Gold:   207        SH:  5    Dex: 18    Spells: 8/8 levels left

rFire   + . .        c - +0 orcbow
rCold   . . .        (shield currently unavailable)
rNeg    . . .        k - +0 scale mail {rF+}
rPois   +            (no helmet)
rElec   .            (no cloak)
rCorr   .            (no gloves)
SInv    .            b - +2 pair of boots
Will    +....        i - amulet of reflection
Stlth   +            j - ring of poison resistance
HPRegen 0.28/turn    n - ring of willpower
MPRegen 0.13/turn

%: reflection
@: corroded
A: no striking features
a: Renounce Religion, Heroism


You were on level 7 of the Dungeon.
You worshipped Okawaru.
Okawaru was pleased with you.
You visited 1 branch of the dungeon, and saw 7 of its levels.

You collected 207 gold pieces.


   Skills:
 - Level 3.0 Fighting
 + Level 14.7 Ranged Weapons
 - Level 1.9 Armour
 - Level 5.4 Dodging
 - Level 1.2 Stealth
 + Level 3.9 Invocations


You had 8 spell levels left.
You didn't know any spells.
Your spell library was empty.

Inventory:

Hand Weapons
 c - a +0 orcbow (weapon)
Armour
 b - a +2 pair of boots (worn)
 h - a +0 ring mail
 k - a +0 scale mail of fire resistance (worn)
Jewellery
 f - a ring of ice
 i - an amulet of reflection (around neck)
 j - a ring of poison resistance (left hand)
 n - a ring of willpower (right hand)
Scrolls
 e - a scroll of teleportation
Potions
 g - 4 potions of might
 l - a potion of resistance
 m - a potion of curing {unknown}

Dungeon Overview and Level Annotations

Branches:
Dungeon (7/15)             Temple (0/1) D:6

Altars:
Dithmenos
Hepliaklqana
Kikubaaqudgha
Okawaru
Uskayaw
Xom
Zin

Annotations:
D:4 2 runed translucent doors, qw's ghost, amateur SpHu
D:6 1 runed translucent door, qw's ghost, novice DEHu


Message History

Deactivating autopickup; reactivate with Ctrl-A.
The orc priest closely misses you.
An orc comes into view. It is wielding a +0 whip.
The jelly hits you.
You are splashed with acid!
You shoot an arrow.
The arrow hits the orc priest but does no damage.
The orc priest is moderately wounded.
The orc priest barely misses you.
An orc priest comes into view. It is wielding a +0 war axe.
The orc wizard hits you with a +0 dagger.
You block the jelly's attack.
You shoot an arrow. The arrow hits the orc priest!
The orc priest is almost dead.
The orc wizard misses you. The jelly hits you. The acid corrodes you!
You are splashed with acid!
You shoot an arrow. The arrow hits the orc priest!
You kill the orc priest!
Okawaru accepts your kill. Something hits you.
The orc wizard completely misses you. The jelly hits you but does no damage.
You shoot an arrow.
The arrow closely misses the orc wizard.
The orc wizard barely misses you. Something hits you but does no damage.
The jelly hits you but does no damage.
You shoot an arrow.
The arrow closely misses the orc wizard.
The orc wizard closely misses you. The jelly hits you but does no damage.
You shoot an arrow. The arrow hits the orc priest.
The orc priest is moderately wounded.
You block something's attack. The orc priest completely misses you.
The orc wizard closely misses you. The jelly closely misses you.
You shoot an arrow. The arrow barely misses the orc priest.
The arrow hits the orc!
You kill the orc!
Okawaru accepts your kill. The orc wizard casts a spell at you.
The puff of flame hits you. You resist. Something hits you but does no damage.
The orc priest hits you with a +0 war axe!
The jelly hits you.
You are splashed with acid!
You die...

.... ##. .#
##...##.. ...
........ ....
#.....###....
##.....#...#
#.........###
#....{J......
#...@o).....
...###...o##..###
.......<.## ...
.....##...# .
.... ##..# ...
##..# .... ...##
....


You could see a jelly, an orc priest and an orc wizard.

Vanquished Creatures
  Maggie (D:6)
  Grinder (D:6)
  Prince Ribbit (D:6)
  Menkaure (D:5)
  3 water moccasins (D:6)
  Duvessa (D:4)
  2 orc warriors
  An ogre (D:5)
  A centaur (D:5)
  A phantom (D:6)
  3 scorpions
  Dowan (D:4)
  4 jellies
  A bombardier beetle (D:5)
  A gnoll bouda (D:6)
  4 orc priests
  3 iguanas
  Jessica (D:3)
  4 orc wizards
  10 gnolls
  7 adders
  A white imp (D:6)
  4 dart slugs
  4 ribbon worms
  18 orcs
  6 bats
  8 endoplasms
  4 giant cockroaches
  7 goblins
  8 hobgoblins
  10 jackals
  7 quokkas
  2 training dummies (D:4)
  12 ball pythons
  2 frilled lizards (D:3)
  6 kobolds
  8 rats
159 creatures vanquished.

Vanquished Creatures (others)
  An angel (D:3)
1 creature vanquished.

Grand Total: 160 creatures vanquished

Notes
Turn   | Place    | Note
-------+----------+-------------------------------------------
     0 | D:1      | qw the Deep Elf Hunter began the quest for the Orb.
     0 | D:1      | Reached XP level 1. HP: 12/12 MP: 3/3
     0 | D:1      | 0 ||| qw: Version: 0.3-a-157-g843a77d
     0 | D:1      | 0 ||| qw: Game counter: 3731
     0 | D:1      | 0 ||| qw: Melee chars always use a shield: true
     0 | D:1      | 0 ||| qw: God list: Okawaru
     0 | D:1      | 0 ||| qw: Allow faded altars: false
     0 | D:1      | 0 ||| qw: Do Orc after clearing Dungeon:15 true
     0 | D:1      | 0 ||| qw: Do second Lair branch before Depths: true
     0 | D:1      | 0 ||| qw: Lair rune preference: random
     0 | D:1      | 0 ||| qw: Goals: Normal
     0 | D:1      | 0 ||| PLANNING D:1-11
   236 | D:1      | Reached XP level 2. HP: 16/16 MP: 4/4
   259 | D:1      | Reached skill level 6 in Ranged Weapons
   637 | D:1      | Reached XP level 3. HP: 19/20 MP: 5/5
   880 | D:1      | 880 ||| UPGRADING to +2 robe of willpower.
   890 | D:1      | 890 ||| DROPPING +0 leather armour.
   891 | D:1      | 891 ||| READING scroll labelled NUEFFA WEOKH.
   894 | D:1      | 894 ||| DROPPING scroll of butterflies.
   901 | D:2      | 901 ||| STAIRDANCE
   906 | D:2      | 906 ||| STAIRDANCE
  1009 | D:2      | Reached skill level 7 in Ranged Weapons
  1070 | D:2      | 1070 ||| FLEEEEING.
  1071 | D:2      | 1071 ||| FLEEEEING.
  1073 | D:2      | 1073 ||| FLEEEEING.
  1106 | D:2      | 1106 ||| FLEEEEING.
  1424 | D:2      | Reached XP level 4. HP: 25/25 MP: 6/6
  1659 | D:2      | 1659 ||| UPGRADING to +0 ring mail.
  1669 | D:2      | 1669 ||| DROPPING +2 robe of willpower.
  1670 | D:2      | 1670 ||| UPGRADING to amulet of reflection.
  1675 | D:2      | 1675 ||| READING scroll labelled PALUJI RUULAHYGASI.
  1676 | D:2      | 1676 ||| DRINKING 2 lumpy amethyst potions.
  1677 | D:2      | 1677 ||| DROPPING potion of attraction.
  1715 | D:3      | Noticed an angel
  1718 | D:3      | Found a glowing silver altar of Zin.
  1720 | D:3      | Found a shimmering altar of Xom.
  1822 | D:3      | Reached skill level 8 in Ranged Weapons
  1833 | D:3      | Reached XP level 5. HP: 14/29 MP: 7/7
  1846 | D:3      | HP: 7/29 [poisoned by an adder]
  1851 | D:3      | Killed an angel
  2200 | D:3      | Noticed Jessica
  2208 | D:3      | Killed Jessica
  2209 | D:3      | Reached skill level 9 in Ranged Weapons
  2263 | D:3      | 2263 ||| READING scroll labelled ZAV TUKIEKHAI.
  2263 | D:3      | 2263 ||| BRANDING +0 shortbow.
  2264 | D:3      | 2264 ||| DRINKING 2 bubbling silvery potions.
  2320 | D:4      | Reached XP level 6. HP: 10/36 MP: 8/8
  2320 | D:4      | HP: 9/36 [poisoned by a scorpion]
  2325 | D:4      | HP: 5/36 [poisoned by a scorpion]
  2504 | D:4      | Noticed an orc warrior
  2506 | D:4      | 2506 ||| DRINKING potion of haste.
  2511 | D:4      | Killed an orc warrior
  2512 | D:4      | Reached skill level 10 in Ranged Weapons
  2516 | D:4      | Reached skill level 3 in Dodging
  2596 | D:4      | Noticed Duvessa
  2596 | D:4      | Noticed Dowan
  2604 | D:4      | Killed Duvessa
  2605 | D:4      | Reached XP level 7. HP: 20/40 MP: 9/9
  2608 | D:4      | Killed Dowan
  2609 | D:4      | Reached skill level 11 in Ranged Weapons
  2609 | D:4      | HP: 10/40 [poisoned by Dowan]
  2997 | D:4      | Found a shadowy altar of Dithmenos.
  3026 | D:4      | Found a large runed translucent door.
  3027 | D:4      | Found a large runed translucent door.
  3029 | D:4      | Noticed qw's ghost (amateur SpHu)
  3079 | D:4      | Found an iron altar of Okawaru.
  3157 | D:4      | 3157 ||| UPGRADING to ring of poison resistance.
  3158 | D:4      | 3158 ||| READING scroll labelled JEIXTA CEOMADO.
  3158 | D:4      | 3158 ||| IDENTIFYING red potion
  3159 | D:4      | 3159 ||| READING scroll labelled SIVUNT CUNITZ.
  3160 | D:4      | 3160 ||| READING scroll labelled FIZURINW MOKK.
  3161 | D:4      | 3161 ||| DRINKING 2 coppery potions.
  3162 | D:4      | 3162 ||| DROPPING potion of berserk rage.
  3163 | D:4      | 3163 ||| DROPPING potion of degeneration.
  3205 | D:5      | Entered Level 5 of the Dungeon
  3299 | D:5      | 3299 ||| UPGRADING to +0 pair of boots.
  3306 | D:5      | Reached skill level 1 in Armour
  3385 | D:5      | 3385 ||| SWAPPING to +0 orcbow.
  3386 | D:5      | 3386 ||| DROPPING +0 shortbow of electrocution.
  3477 | D:5      | Reached skill level 12 in Ranged Weapons
  3595 | D:5      | Reached skill level 3 in Fighting
  3595 | D:5      | Reached XP level 8. HP: 46/46 MP: 10/10
  3607 | D:5      | 3607 ||| READING scroll of identify.
  3607 | D:5      | 3607 ||| IDENTIFYING metallic dark potion
  3643 | D:4      | Found a hazy altar of Hepliaklqana.
  3643 | D:4      | Found a hide-covered altar of Uskayaw.
  3643 | D:4      | Found an ancient bone altar of Kikubaaqudgha.
  3644 | D:4      | 3644 ||| PLANNING OKAWARU WORSHIP
  3651 | D:4      | Became a worshipper of Warmaster Okawaru
  3652 | D:4      | 3652 ||| PLANNING D:1-11
  3652 | D:4      | 3652 ||| Stepping randomly (stuck).
  3715 | D:5      | HP: 10/46 [orc warrior/+0 flail (11)]
  3716 | D:5      | 3716 ||| READING scroll of teleportation.
  3717 | D:5      | 3717 ||| DRINKING potion of heal wounds.
  3918 | D:5      | Noticed Menkaure
  3924 | D:5      | Killed Menkaure
  3925 | D:5      | Reached skill level 13 in Ranged Weapons
  4187 | D:5      | 4187 ||| UPGRADING to ring of willpower.
  4188 | D:5      | 4188 ||| READING scroll of identify.
  4188 | D:5      | 4188 ||| IDENTIFYING dark potion
  4189 | D:5      | 4189 ||| READING scroll labelled AGEKEUCVICKA.
  4189 | D:5      | 4189 ||| ENCHANTING +0 pair of boots.
  4190 | D:5      | 4190 ||| DRINKING 2 bubbling puce potions.
  4191 | D:5      | 4191 ||| DRINKING 5 fizzy white potions.
  4192 | D:5      | 4192 ||| DROPPING potion of invisibility.
  4193 | D:5      | 4193 ||| DROPPING potion of brilliance.
  4270 | D:6      | 4270 ||| FLEEEEING.
  4271 | D:6      | 4271 ||| FLEEEEING.
  4289 | D:6      | Reached * piety under Okawaru
  4532 | D:6      | 4532 ||| READING scroll of enchant armour.
  4532 | D:6      | 4532 ||| ENCHANTING +1 pair of boots.
  4548 | D:6      | Found a runed translucent door.
  4583 | D:6      | Noticed qw's ghost (novice DEHu)
  4678 | D:6      | Noticed Maggie
  4679 | D:6      | 4679 ||| INVOKING Heroism.
  4683 | D:6      | Noticed Prince Ribbit
  4687 | D:6      | HP: 11/46 [Maggie/+2 long sword of pain (8)]
  4688 | D:6      | 4688 ||| READING scroll of teleportation.
  4690 | D:6      | Killed Maggie
  4691 | D:6      | Reached skill level 14 in Ranged Weapons
  4691 | D:6      | Reached XP level 9. HP: 11/50 MP: 9/11
  4692 | D:6      | Reached skill level 1 in Invocations
  4914 | D:6      | Noticed Grinder
  4921 | D:6      | Killed Grinder
  4931 | D:6      | Found a staircase to the Ecumenical Temple.
  5154 | D:6      | Killed Prince Ribbit
  5154 | D:6      | Reached ** piety under Okawaru
  5155 | D:6      | Reached skill level 3 in Invocations
  5266 | D:6      | 5266 ||| UPGRADING to +0 scale mail of fire resistance.
  5276 | D:6      | 5276 ||| READING scroll of identify.
  5276 | D:6      | 5276 ||| IDENTIFYING sedimented red potion
  5277 | D:6      | 5277 ||| READING scroll labelled BAEN TIFAU.
  5301 | D:7      | 5301 ||| STAIRDANCE
  5377 | D:7      | HP: 8/50 [orc priest/+0 war axe (8)]
  5377 | D:7      | Splashed by a jelly's acid

Levels and vault maps discovered:
D:1:      matt_arrival_spirals, layout_loops_ring, nrook_mini_backslash,
          minmay_misc_feat_diagonals
D:2:      layout_loops_ring, serial_park_tiny_2, grunt_ministairs_9
D:3:      layout_rooms, grunt_temple_overflow_order_and_chaos_1,
          nrook_loot_triangle, st_stairs_4, uniq_jessica
D:4:      dreamdust_elfheim, layout_rooms, nicolae_overflow_hidden_temple,
          lemuel_round_altar, ebering_ghost_disaster_area, uniq_duvessa
D:5:      layout_gridville, serial_glass, glass_columns_a, glass_columns_a,
          glass_columns_c, glass_columns_a, feat_on_display,
          minmay_strange_pillars, item_on_display_b, uniq_menkaure
D:6:      layout_loops_ring, minmay_temple_entry_stoned_glass,
          gammafunk_ghost_grave, uniq_prince_ribbit1, uniq_grinder, uniq_maggie
D:7:      layout_cave_pools, elyvilon_altar_1, lemuel_tele_altar

Skill      XL: |  1  2  3  4  5  6  7  8  9 |
---------------+----------------------------+-----
Ranged Weapons | 6 7 8 9 10 12 14 | 14.7
Fighting       | 2 3 |  3.0
Dodging        | 3 4 5 |  5.4
Armour         | 1 |  1.9
Invocations    | 3 |  3.9
Stealth        | |  1.2

Action                     |  1- 3 |  4- 6 |  7- 9 || total
---------------------------+-------+-------+-------++-------
   Fire: Shortbow          |   169 |   182 |    42 ||   393
         Orcbow            |       |       |   216 ||   216
 Invoke: Heroism           |       |       |     1 ||     1
    Use: Scroll            |     1 |     2 |    11 ||    14
         Potion            |       |     3 |     4 ||     7
 Armour: Leather armour    |    25 |       |       ||    25
         Robe              |    27 |     4 |       ||    31
         Ring mail         |       |    36 |    71 ||   107
         Scale mail        |       |       |    24 ||    24
  Dodge: Dodged            |    70 |    46 |    75 ||   191
  Block: Other             |       |    13 |    24 ||    37
         Reflection        |       |       |     2 ||     2

Table legend:
 A = Non-vault XP
 B = Vault XP
 C = Vault XP percentage of total XP
 D = Non-vault monster count
 E = Vault monster count
 F = Vault count percentage of total count
                 A         B        C        D         E       F
            +---------+---------+-------+---------+---------+-------
      Total |    2469 |    1330 |  35.0 |     143 |      16 |  10.1
            +---------+---------+-------+---------+---------+-------
        D:1 |      45 |       6 |  11.8 |      25 |       3 |  10.7
        D:2 |      53 |       4 |   7.0 |      29 |       1 |   3.3
        D:3 |     151 |      49 |  24.5 |      18 |       4 |  18.2
        D:4 |     482 |     204 |  29.7 |      29 |       4 |  12.1
        D:5 |     830 |     169 |  16.9 |      23 |       1 |   4.2
        D:6 |     824 |     898 |  52.1 |      16 |       3 |  15.8
        D:7 |      84 |       0 |   0.0 |       3 |       0 |   0.0
            +---------+---------+-------+---------+---------+-------
